SAAA
ALLOWAY HALBERDS @ SALT LAKE CITY BUZZ
08/22/2028
 
TOP OF THE 1ST
Alloway Halberds batting - Pitching for Salt Lake City Buzz : RHP Ben Hopley
Pitching: RHP Ben Hopley
Batting: RHB Phil Sherman 0-0: Called Strike
0-1: Swinging Strike
0-2: Strikes out swinging
Batting: LHB Jesús Trevino 0-0: Ball
1-0: Foul Ball, location: 2F
1-1: SINGLE (Flyball, 8RS)
Batting: RHB Jordan Hollins 0-0: Called Strike
0-1: Ball
1-1: Ball
2-1: Ball
3-1: SINGLE (Groundball, 6MD)
Jesús Trevino to second
Runner from 2nd tries for 3rd, SAFE, no throw
Batting: RHB Vito Middendorf 0-0: Ball
1-0: Foul Ball, location: 2F
1-1: DOUBLE (Flyball, 8RD)
Jesús Trevino scores
Jordan Hollins to third
Batting: RHB Juan Salinas 0-0: Ball
1-0: Ball
2-0: Called Strike
2-1: Ground out 4-3 (Groundball, 4)
Jordan Hollins scores
Vito Middendorf to third
Batting: RHB Scott Donlan 0-0: Called Strike
0-1: Fly out, F8 (Flyball, 8RM)
Top of the 1st over - 2 run(s), 3 hit(s), 0 error(s), 1 left on base; Alloway 2 - Salt Lake City 0
BOTTOM OF THE 1ST
Salt Lake City Buzz batting - Pitching for Alloway Halberds : RHP Bob Browning
Pitching: RHP Bob Browning
Batting: RHB Alejandro Herrera 0-0: Ball
1-0: Ball
2-0: Ball
3-0: Base on Balls
Batting: LHB Randy Schlosser 0-0: Called Strike
0-1: Ball
1-1: Ball
2-1: Swinging Strike
2-2: SINGLE (Groundball, 56D)
Alejandro Herrera to second
Batting: LHB Qi-zhen Loong 0-0: Ball
1-0: Ball
2-0: Foul Ball, location: 2F
2-1: Grounds into double play, 4-6-3 (Groundball, 4)
Alejandro Herrera to third
Batting: RHB Curt Kenney 0-0: Foul Ball, location: 2F
0-1: Ball
1-1: Called Strike
1-2: Ball
2-2: Ball
3-2: Base on Balls
Batting: RHB Justin MacPherson 0-0: Ball
1-0: Called Strike
1-1: Hit by Pitch
Curt Kenney to second
Batting: RHB Thom Wilcox 0-0: Called Strike
0-1: Swinging Strike
0-2: Ball
1-2: Strikes out swinging
Bottom of the 1st over - 0 run(s), 1 hit(s), 0 error(s), 3 left on base; Alloway 2 - Salt Lake City 0
TOP OF THE 2ND
Alloway Halberds batting - Pitching for Salt Lake City Buzz : RHP Ben Hopley
Batting: RHB Rafael Delgado 0-0: Fly out, F8 (Flyball, 8LM)
Batting: LHB Ricardo Ríos 0-0: Ground out 6-3 (Groundball, 6)
Batting: RHB Carlos De Jesús 0-0: SINGLE (Line Drive, 56D)
Batting: RHB Phil Sherman 0-0: Called Strike
0-1: Fly out, F8 (Line Drive, 78M)
Top of the 2nd over - 0 run(s), 1 hit(s), 0 error(s), 1 left on base; Alloway 2 - Salt Lake City 0
BOTTOM OF THE 2ND
Salt Lake City Buzz batting - Pitching for Alloway Halberds : RHP Bob Browning
Batting: SHB Pablo Coloa 0-0: Ground out 1-3 (Groundball, P)
Batting: RHB Vicente Cruz 0-0: Ball
1-0: Swinging Strike
1-1: Ball
2-1: Swinging Strike
2-2: Ball
3-2: SINGLE (Line Drive, 78S)
Batting: RHB Quigley Gibson 0-0: Called Strike
0-1: Ball
1-1: Ball
2-1: Called Strike
2-2: Foul Ball, location: 2F
2-2: Foul Ball, location: 2F
2-2: Ball
Vicente Cruz steals 2nd base
3-2: Ground out 6-3 (Groundball, 56)
Batting: RHB Alejandro Herrera 0-0: Ball
1-0: Foul Ball, location: 2F
1-1: Called Strike
1-2: Ball
2-2: Foul Ball, location: 2F
2-2: Ground out 4-3 (Groundball, 4S)
Bottom of the 2nd over - 0 run(s), 1 hit(s), 0 error(s), 1 left on base; Alloway 2 - Salt Lake City 0
TOP OF THE 3RD
Alloway Halberds batting - Pitching for Salt Lake City Buzz : RHP Ben Hopley
Batting: LHB Jesús Trevino 0-0: Ball
1-0: Ball
2-0: Swinging Strike
2-1: Foul Ball, location: 2F
2-2: Ball
3-2: Base on Balls
Batting: RHB Jordan Hollins 0-0: Ball
1-0: Foul Ball, location: 2F
1-1: Ball
2-1: Ball
3-1: Base on Balls
Jesús Trevino to second
Batting: RHB Vito Middendorf 0-0: Ball
1-0: Grounds into double play, 4-6-3 (Groundball, 4)
Jesús Trevino to third
Batting: RHB Juan Salinas 0-0: Foul Ball, location: 2F
0-1: Ground out 6-3 (Groundball, 6)
Top of the 3rd over - 0 run(s), 0 hit(s), 0 error(s), 1 left on base; Alloway 2 - Salt Lake City 0
BOTTOM OF THE 3RD
Salt Lake City Buzz batting - Pitching for Alloway Halberds : RHP Bob Browning
Batting: LHB Randy Schlosser 0-0: Ball
1-0: Ball
2-0: Foul Ball, location: 2F
2-1: Foul Ball, location: 2F
2-2: SINGLE (Groundball, 3D)
Batting: LHB Qi-zhen Loong 0-0: Ball
1-0: Swinging Strike
1-1: Ball
2-1: Foul Ball, location: 2F
2-2: Ball
3-2: SINGLE (Groundball, 34) (infield hit)
Randy Schlosser to second
Batting: RHB Curt Kenney 0-0: Foul Ball, location: 2F
0-1: Fly out, F6 (Popup, 56D)
Batting: RHB Justin MacPherson 0-0: Called Strike
0-1: Ball
1-1: Swinging Strike
1-2: Ball
2-2: Ball
3-2: SINGLE (Flyball, 89S)
Randy Schlosser to third
Qi-zhen Loong to second
Batting: RHB Thom Wilcox 0-0: Ball
1-0: Ball
2-0: Foul Ball, location: 2F
2-1: Called Strike
2-2: Foul Ball, location: 2F
2-2: Ball
3-2: Base on Balls
Randy Schlosser scores
Qi-zhen Loong to third
Justin MacPherson to second
Batting: SHB Pablo Coloa 0-0: Ball
1-0: SINGLE (Groundball, 4MD)
Qi-zhen Loong scores
Justin MacPherson to third
Thom Wilcox to second
Runner from 3rd tries for Home, SAFE, throw made home
Thom Wilcox to third
Pablo Coloa to second
Batting: RHB Vicente Cruz 0-0: Foul Ball, location: 2F
0-1: Ball
1-1: Ball
2-1: Ball
3-1: Base on Balls
Batting: RHB Quigley Gibson 0-0: Ball
1-0: Grounds into double play, 5-4-3 (Groundball, 5)
Bottom of the 3rd over - 3 run(s), 4 hit(s), 0 error(s), 2 left on base; Alloway 2 - Salt Lake City 3
TOP OF THE 4TH
Alloway Halberds batting - Pitching for Salt Lake City Buzz : RHP Ben Hopley
Batting: RHB Scott Donlan 0-0: SINGLE (Groundball, 56D)
Batting: RHB Rafael Delgado 0-0: Called Strike
0-1: Foul Ball, location: 2F
0-2: Strikes out looking
Batting: LHB Ricardo Ríos 0-0: Swinging Strike
0-1: Ball
1-1: Ball
2-1: Foul Ball, location: 2F
2-2: Strikes out swinging
Batting: RHB Carlos De Jesús 0-0: Called Strike
0-1: Called Strike
0-2: Strikes out looking
Top of the 4th over - 0 run(s), 1 hit(s), 0 error(s), 1 left on base; Alloway 2 - Salt Lake City 3
BOTTOM OF THE 4TH
Salt Lake City Buzz batting - Pitching for Alloway Halberds : RHP Bob Browning
Batting: RHB Alejandro Herrera 0-0: Ball
1-0: Ball
2-0: Ball
3-0: Called Strike
3-1: Fly out, F8 (Flyball, 8RM)
Batting: LHB Randy Schlosser 0-0: Ball
1-0: Called Strike
1-1: Ground out 4-3 (Groundball, 34)
Batting: LHB Qi-zhen Loong 0-0: Foul Ball, location: 2F
0-1: Ground out 4-3 (Groundball, 4S)
Bottom of the 4th over - 0 run(s), 0 hit(s), 0 error(s), 0 left on base; Alloway 2 - Salt Lake City 3
TOP OF THE 5TH
Alloway Halberds batting - Pitching for Salt Lake City Buzz : RHP Ben Hopley
Batting: RHB Phil Sherman 0-0: Foul Ball, location: 2F
0-1: Ball
1-1: Ball
2-1: SINGLE (Line Drive, 56D)
Batting: LHB Jesús Trevino 0-0: Bunted foul
0-1: Bunted foul
0-2: Ball
1-2: Ball
2-2: Strikes out swinging
Batting: RHB Jordan Hollins 0-0: Ball
1-0: Foul Ball, location: 2F
1-1: Foul Ball, location: 2F
1-2: Fly out, F4 (Popup, 4)
Batting: RHB Vito Middendorf 0-0: Ball
1-0: Called Strike
1-1: Called Strike
1-2: Foul Ball, location: 2F
1-2: Ball
2-2: Strikes out looking
Top of the 5th over - 0 run(s), 1 hit(s), 0 error(s), 1 left on base; Alloway 2 - Salt Lake City 3
BOTTOM OF THE 5TH
Salt Lake City Buzz batting - Pitching for Alloway Halberds : RHP Bob Browning
Batting: RHB Curt Kenney 0-0: Ball
1-0: Foul Ball, location: 2F
1-1: Ball
2-1: Ball
3-1: Base on Balls
Batting: RHB Justin MacPherson 0-0: Ball
1-0: 2-RUN HOME RUN (Flyball, 7LD), Distance : 378 ft
Batting: RHB Thom Wilcox 0-0: Swinging Strike
0-1: Called Strike
0-2: Strikes out swinging
Batting: SHB Pablo Coloa 0-0: Called Strike
0-1: Ball
1-1: Fly out, F2 (Popup, 25)
Batting: RHB Vicente Cruz 0-0: Called Strike
0-1: Ball
1-1: Ground out 4-3 (Groundball, 4S)
Bottom of the 5th over - 2 run(s), 1 hit(s), 0 error(s), 0 left on base; Alloway 2 - Salt Lake City 5
TOP OF THE 6TH
Alloway Halberds batting - Pitching for Salt Lake City Buzz : RHP Ben Hopley
Batting: RHB Juan Salinas 0-0: Fly out, F7 (Flyball, 78M)
Batting: RHB Scott Donlan 0-0: Ball
1-0: Ball
2-0: Swinging Strike
2-1: Ball
3-1: Base on Balls
Batting: RHB Rafael Delgado 0-0: Called Strike
0-1: Called Strike
0-2: Ball
1-2: Foul Ball, location: 2F
1-2: Ball
2-2: Fly out, F6 (Popup, 56D)
Batting: LHB Ricardo Ríos 0-0: Ball
1-0: Ball
2-0: Ball
3-0: Called Strike
3-1: Base on Balls
Scott Donlan to second
Batting: RHB Carlos De Jesús 0-0: Ball
1-0: SINGLE (Flyball, 89S)
Scott Donlan to third
Ricardo Ríos to second
Batting: RHB Phil Sherman 0-0: Ball
1-0: Called Strike
1-1: Fly out, F8 (Flyball, 8RXD)
Top of the 6th over - 0 run(s), 1 hit(s), 0 error(s), 3 left on base; Alloway 2 - Salt Lake City 5
BOTTOM OF THE 6TH
Salt Lake City Buzz batting - Pitching for Alloway Halberds : RHP Bob Browning
Batting: RHB Quigley Gibson 0-0: Ball
1-0: Foul Ball, location: 2F
1-1: Swinging Strike
1-2: SINGLE (Groundball, 4D)
Pitching: RHP Shi-lin Li
Batting: RHB Alejandro Herrera 0-0: Ball
1-0: Sac Bunt - play at first, batter OUT! 2-4
Quigley Gibson to second
Batting: LHB Randy Schlosser 0-0: Foul Ball, location: 2F
0-1: Ball
Wild Pitch!
Quigley Gibson to third
1-1: Ball
2-1: Ball
3-1: Base on Balls
Batting: LHB Qi-zhen Loong 0-0: Ball
1-0: Ball
2-0: SINGLE (Flyball, 78S)
Quigley Gibson scores
Randy Schlosser to second
Batting: RHB Curt Kenney 0-0: Ball
1-0: Called Strike
1-1: Foul Ball, location: 2F
1-2: Strikes out swinging
Batting: RHB Justin MacPherson 0-0: Fly out, F9 (Line Drive, 9S)
Bottom of the 6th over - 1 run(s), 2 hit(s), 0 error(s), 2 left on base; Alloway 2 - Salt Lake City 6
TOP OF THE 7TH
Alloway Halberds batting - Pitching for Salt Lake City Buzz : RHP Ben Hopley
Batting: LHB Jesús Trevino 0-0: Ball
1-0: Swinging Strike
1-1: Ball
2-1: Swinging Strike
2-2: Foul Ball, location: 2F
2-2: Ball
3-2: Base on Balls
Pitching: LHP Roberto De La Cruz
Batting: RHB Jordan Hollins 0-0: Ball
1-0: Ball
2-0: Called Strike
2-1: Called Strike
2-2: Foul Ball, location: 2F
2-2: Ball
3-2: Foul Ball, location: 2F
3-2: Foul Ball, location: 2F
3-2: Base on Balls
Jesús Trevino to second
Batting: RHB Vito Middendorf 0-0: Ball
Jesús Trevino is caught stealing 3rd base
Jordan Hollins to second
1-0: Swinging Strike
1-1: Ground out 5-3 (Groundball, 5)
Batting: RHB Juan Salinas 0-0: Swinging Strike
0-1: Foul Ball, location: 2F
0-2: Ball
1-2: Foul Ball, location: 2F
1-2: Foul Ball, location: 2F
1-2: Foul Ball, location: 2F
1-2: Strikes out swinging
Top of the 7th over - 0 run(s), 0 hit(s), 0 error(s), 1 left on base; Alloway 2 - Salt Lake City 6
BOTTOM OF THE 7TH
Salt Lake City Buzz batting - Pitching for Alloway Halberds : RHP Shi-lin Li
Batting: RHB Thom Wilcox 0-0: Called Strike
0-1: Ball
1-1: Foul Ball, location: 2F
1-2: Foul Ball, location: 2F
1-2: Ball
2-2: Ground out 5-3 (Groundball, 25)
Batting: SHB Pablo Coloa 0-0: Ball
1-0: Ball
2-0: Ball
3-0: Base on Balls
Batting: RHB Vicente Cruz 0-0: Ball
1-0: Foul Ball, location: 2F
1-1: Fly out, F8 (Flyball, 89D)
Batting: RHB Quigley Gibson 0-0: Called Strike
Pablo Coloa is caught stealing 2nd base
Bottom of the 7th over - 0 run(s), 0 hit(s), 0 error(s), 0 left on base; Alloway 2 - Salt Lake City 6
TOP OF THE 8TH
Alloway Halberds batting - Pitching for Salt Lake City Buzz : LHP Roberto De La Cruz
Batting: RHB Scott Donlan 0-0: Ball
1-0: Called Strike
1-1: Swinging Strike
1-2: DOUBLE (Line Drive, 78D)
Batting: RHB Rafael Delgado 0-0: Called Strike
0-1: Foul Ball, location: 2F
0-2: Ball
1-2: Foul Ball, location: 2F
1-2: Ball
2-2: Foul Ball, location: 2F
2-2: Foul Ball, location: 2F
2-2: Foul Ball, location: 2F
2-2: Strikes out swinging
Batting: LHB Ricardo Ríos 0-0: Ball
1-0: Swinging Strike
1-1: Reached on error, E9 (Flyball, 9)
Scott Donlan to third
Pitching: RHP Rick Kennedy
Batting: RHB Carlos De Jesús 0-0: Ball
1-0: Ball
2-0: SINGLE (Line Drive, 78S)
Scott Donlan scores
Ricardo Ríos to second
Batting: RHB Phil Sherman 0-0: Called Strike
0-1: Swinging Strike
0-2: Strikes out swinging
Batting: LHB Jesús Trevino 0-0: Fly out, F7 (Flyball, 7)
Top of the 8th over - 1 run(s), 2 hit(s), 1 error(s), 2 left on base; Alloway 3 - Salt Lake City 6
BOTTOM OF THE 8TH
Salt Lake City Buzz batting - Pitching for Alloway Halberds : RHP Shi-lin Li
Batting: RHB Quigley Gibson 0-0: Foul Ball, location: 2F
0-1: Ball
1-1: Ball
2-1: Fly out, F7 (Flyball, 7)
Batting: RHB Alejandro Herrera 0-0: Called Strike
0-1: Ball
1-1: Ball
2-1: Ball
3-1: Base on Balls
Pitching: LHP António Muñóz
Batting: LHB Randy Schlosser 0-0: Swinging Strike
0-1: Ball
1-1: Ball
2-1: Foul Ball, location: 2F
2-2: Strikes out swinging
Batting: LHB Qi-zhen Loong 0-0: Called Strike
Alejandro Herrera steals 2nd base
0-1: Fly out, F8 (Flyball, 8RS)
Bottom of the 8th over - 0 run(s), 0 hit(s), 0 error(s), 1 left on base; Alloway 3 - Salt Lake City 6
TOP OF THE 9TH
Alloway Halberds batting - Pitching for Salt Lake City Buzz : RHP Rick Kennedy
Pitching: RHP Luis Bejarano
Batting: RHB Jordan Hollins 0-0: Ball
1-0: Ball
2-0: Ball
3-0: Base on Balls
Batting: RHB Vito Middendorf 0-0: Ball
1-0: Ball
2-0: Fly out, F3 (Popup, 34S)
Batting: RHB Juan Salinas 0-0: Called Strike
0-1: Ball
1-1: Ball
2-1: Ball
3-1: Foul Ball, location: 2F
3-2: Fly out, F4 (Line Drive, 4M)
Batting: RHB Scott Donlan 0-0: Ball
1-0: Called Strike
1-1: Ball
2-1: Fly out, F9 (Line Drive, 89S)
Top of the 9th over - 0 run(s), 0 hit(s), 0 error(s), 1 left on base; Alloway 3 - Salt Lake City 6
Monday, August 28th, 2017 - OOTP Baseball 17.12 Build 75